 Dungeon Crawl Stone Soup version 0.18.1-8-gdd0e5ea (webtiles) character file.

12 sveltemanboy the Caller (level 2, 0/16 HPs)
             Began as a Tengu Summoner on May 26, 2016.
             Slain by a jackal (1 damage)
             ... on level 1 of the Dungeon.
             The game lasted 00:01:47 (255 turns).

sveltemanboy the Caller (Tengu Summoner)             Turns: 255, Time: 00:01:48

Health: 0/16       AC:  2    Str:  8    XL:     2   Next: 33%
Magic:  5/6        EV: 12    Int: 15    God:
Gold:   29         SH:  0    Dex: 14    Spells: 1 memorised, 4 levels left

rFire  . . .     SeeInvis .     (no weapon)
rCold  . . .     Gourm    .     a - +0 robe
rNeg   . . .     Faith    .     (no shield)
rPois  .         Spirit   .     (helmet restricted)
rElec  .         Dismiss  .     (no cloak)
rCorr  .         Reflect  .     (no gloves)
SustAt .         Harm     .     (boots unavailable)
MR     .....                    (no amulet)
Stlth  ++........               (no ring)
                                (no ring)

@: not resistant to hostile enchantments, unstealthy
A: beak, talons 3
a: no special abilities


You were on level 1 of the Dungeon.
You were not hungry.

You visited 1 branch of the dungeon, and saw 1 of its levels.

You collected 29 gold pieces.

Inventory:

Armour
 a - a +0 robe (worn)
Scrolls
 e - a scroll of teleportation {unknown}
Books
 b - a book of Callings

   Spells                             Type                      Level
   a - Summon Small Mammal            Summoning                    1
   b - Call Imp                       Summoning                    2
   c - Call Canine Familiar           Summoning                    3
   d - Summon Guardian Golem          Hexes/Summoning              3
   e - Summon Lightning Spire         Summoning/Air                4
   f - Summon Ice Beast               Ice/Summoning                4
Comestibles
 c - a bread ration
 d - 5 chunks of flesh


   Skills:
 + Level 0.8 Fighting
 + Level 1.0 Armour
 - Level 2.1 Dodging
 - Level 2.0 Stealth
 - Level 2.0 Spellcasting
 + Level 5.0 Summonings


You had 4 spell levels left.
You knew the following spells:

 Your Spells              Type           Power        Failure   Level  Hunger
a - Summon Small Mammal   Summ           ###.         2%          1    #......


Dungeon Overview and Level Annotations

Branches:
Dungeon (1/15)

Altars:


Innate Abilities, Weirdness & Mutations

You have a beak for a mouth.
You have claws for feet.


Message History

The jackal closely misses your bat. x2; The jackal misses your bat.
Found a ring mail.
Your bat closely misses the jackal.
Your bat hits the jackal.
Your bat hits the jackal but does no damage.
Casting: Summon Small Mammal
Confirm with . or Enter, or press ? or * to list all spells.
Your bat hits the jackal but does no damage.
Your bat misses the jackal.
Your bat closely misses the jackal.
The jackal barely misses your quokka. The jackal completely misses you.
Something misses your bat.
You closely miss the jackal. You claw the jackal, but do no damage.
Your bat hits the jackal.
Your bat barely misses the jackal.
The jackal bites your quokka but does no damage.
The jackal bites you.
* * * LOW HITPOINT WARNING * * *
Your bat hits the jackal but does no damage.
Something closely misses your bat.
Your quokka closely misses the jackal.
The jackal bites you.
You die...

#.##.##.......##.....#.....
#.##.####.##..##...........
#..#.# #.............##..#.
#....# #h#####....#..# ...
#.##.###h# ####...... #.
+.##.##..# ###.....
#.#...bh.# ##...#
#######.#..###r######...
............[..h@.....#
##.............########
#............#.
#............ .
#............ ..
##........#### ..
..........# ... ##........#
.##.......#


You could see 2 jackals, a friendly quokka and a friendly bat.

Vanquished Creatures
  2 bats (D:1)
  A goblin (D:1)
3 creatures vanquished.

Vanquished Creatures (collateral kills)
  A gnoll (D:1)
  A dart slug (D:1)
  2 jackals (D:1)
  A rat (D:1)
5 creatures vanquished.

Grand Total: 8 creatures vanquished

Notes
Turn   | Place    | Note
--------------------------------------------------------------
     0 | D:1      | sveltemanboy the Tengu Summoner began the quest for the Orb.
     0 | D:1      | Reached XP level 1. HP: 10/10 MP: 4/4
   105 | D:1      | Reached skill level 5 in Summonings
   209 | D:1      | Reached skill level 1 in Armour
   209 | D:1      | Reached XP level 2. HP: 4/16 MP: 4/6
   255 | D:1      | Slain by a jackal

Skill      XL: |  1 |
---------------+----+-----
Summonings     | 5 |  5.0
Armour         | 1 |  1.0
Fighting       | |  0.8
Dodging        | |  2.1
Stealth        | |  2.0
Spellcasting   | |  2.0

Action                   || total
-------------------------++-------
Melee: Unarmed           ||    13
       Kick              ||     5
       Peck              ||     2
 Cast: Summon Small Mamm ||    10
Armor: Robe              ||     9
Dodge: Dodged            ||    25
